Workbook
Name \a: #REF!
Name \a: #REF!
Name \a: #REF!
Name \b: #REF!
Name \b: #REF!
Name \b: #REF!
Name \c: #REF!
Name \c: #REF!
Name \c: #REF!
Name \d: #REF!
Name \d: #REF!
Name \d: #REF!
Name \e: #REF!
Name \e: #REF!
Name \e: #REF!
Name \f: #REF!
Name \f: #REF!
Name \f: #REF!
Name __ROW1: #REF!
Name __ROW2: #REF!
Name _ROW1: #REF!
Name _ROW2: #REF!
Name FIXED: #REF!
Name FIXED: #REF!
Name FIXED: #REF!
Name PRINT: #REF!
Name PRINT: #REF!
Name PRINT: #REF!
Name PRINT_AREA_MI: #REF!
Name PRINT_AREA_MI: #REF!
Name PRINT_AREA_MI: #REF!
Name PRINT_TITLES_MI: #REF!
Name PRINT_TITLES_MI: #REF!
Name PRINT_TITLES_MI: #REF!
Name RANGE1: #REF!
Name RANGE1: #REF!
Name RANGE1: #REF!
Name RANGE2: #REF!
Name RANGE2: #REF!
Name RANGE2: #REF!
Name RANGE3: #REF!
Name RANGE3: #REF!
Name RANGE3: #REF!
Name RANGE4: #REF!
Name RANGE4: #REF!
Name RANGE4: #REF!
Name RANGE5: #REF!
Name RANGE5: #REF!
Name RANGE5: #REF!
Name RANGE6: #REF!
Name RANGE6: #REF!
Name RANGE6: #REF!
Name TITLES: #REF!
Name TITLES: #REF!
Name TITLES: #REF!
Name VARIABLE: #REF!
Name VARIABLE: #REF!
Name VARIABLE: #REF!
Name YEAR: #REF!
Name YEAR: #REF!

Sheet 2013 Budget
A1: Sample Service Company
A2: 2013 Budget
A4: Income | B4: Jan | C4: Feb | D4: Mar | E4: Apr | F4: May | G4: Jun | H4: Jul | I4: Aug | J4: Sep | K4: Oct | L4: Nov | M4: Dec | O4: Total Budget | P4: %
A5: Service Type 1 | B5: =+Assumptions!C5*Assumptions!C4 -> 0 | C5: =+Assumptions!D5*Assumptions!D4 -> 87.43 | D5: =+Assumptions!E5*Assumptions!E4 -> 174.86 | E5: =+Assumptions!F5*Assumptions!F4 -> 262.29 | F5: =+Assumptions!G5*Assumptions!G4 -> 349.72 | G5: =+Assumptions!H5*Assumptions!H4 -> 437.15 | H5: =+Assumptions!I5*Assumptions!I4 -> 524.58 | I5: =+Assumptions!J5*Assumptions!J4 -> 612.01 | ... M5: =+Assumptions!N5*Assumptions!N4 -> 961.73 | O5: =+SUM(B5:M5) -> 5770.38 | P5: =O5/$O$10 -> 0.011615789
A6: Service Type 2 | B6: =+Assumptions!C9*Assumptions!C8 -> 31500 | C6: =+Assumptions!D9*Assumptions!D8 -> 31500 | D6: =+Assumptions!E9*Assumptions!E8 -> 31500 | E6: =+Assumptions!F9*Assumptions!F8 -> 31500 | F6: =+Assumptions!G9*Assumptions!G8 -> 31500 | G6: =+Assumptions!H9*Assumptions!H8 -> 35000 | H6: =+Assumptions!I9*Assumptions!I8 -> 38500 | I6: =+Assumptions!J9*Assumptions!J8 -> 42000 | ... M6: =+Assumptions!N9*Assumptions!N8 -> 56000 | O6: =+SUM(B6:M6) -> 476000 | P6: =O6/$O$10 -> 0.95818917
A7: Service Type 3 | B7: =+Assumptions!C13*Assumptions!C12 -> 1000 | C7: =+Assumptions!D13*Assumptions!D12 -> 1000 | D7: =+Assumptions!E13*Assumptions!E12 -> 1000 | E7: =+Assumptions!F13*Assumptions!F12 -> 1000 | F7: =+Assumptions!G13*Assumptions!G12 -> 1000 | G7: =+Assumptions!H13*Assumptions!H12 -> 1000 | H7: =+Assumptions!I13*Assumptions!I12 -> 1000 | I7: =+Assumptions!J13*Assumptions!J12 -> 1000 | ... M7: =+Assumptions!N13*Assumptions!N12 -> 1000 | O7: =+SUM(B7:M7) -> 12000 | P7: =O7/$O$10 -> 0.02415603
A8: Service Type 4 | B8: =+Assumptions!C17*Assumptions!C16 -> 250 | C8: =+Assumptions!D17*Assumptions!D16 -> 250 | D8: =+Assumptions!E17*Assumptions!E16 -> 250 | E8: =+Assumptions!F17*Assumptions!F16 -> 250 | F8: =+Assumptions!G17*Assumptions!G16 -> 250 | G8: =+Assumptions!H17*Assumptions!H16 -> 250 | H8: =+Assumptions!I17*Assumptions!I16 -> 250 | I8: =+Assumptions!J17*Assumptions!J16 -> 250 | ... M8: =+Assumptions!N17*Assumptions!N16 -> 250 | O8: =+SUM(B8:M8) -> 3000 | P8: =O8/$O$10 -> 0.0060390074
A9: Service Type 5 | B9: =+Assumptions!C21*Assumptions!C20 -> 0 | C9: =+Assumptions!D21*Assumptions!D20 -> 0 | D9: =+Assumptions!E21*Assumptions!E20 -> 0 | E9: =+Assumptions!F21*Assumptions!F20 -> 0 | F9: =+Assumptions!G21*Assumptions!G20 -> 0 | G9: =+Assumptions!H21*Assumptions!H20 -> 0 | H9: =+Assumptions!I21*Assumptions!I20 -> 0 | I9: =+Assumptions!J21*Assumptions!J20 -> 0 | ... M9: =+Assumptions!N21*Assumptions!N20 -> 0 | O9: =+SUM(B9:M9) -> 0 | P9: =O9/$O$10 -> 0
A10: Total Revenue | B10: =SUM(B5:B7) -> 32500 | C10: =SUM(C5:C7) -> 32587.43 | D10: =SUM(D5:D7) -> 32674.86 | E10: =SUM(E5:E7) -> 32762.29 | F10: =SUM(F5:F7) -> 32849.72 | G10: =SUM(G5:G7) -> 36437.15 | H10: =SUM(H5:H7) -> 40024.58 | I10: =SUM(I5:I7) -> 43612.01 | ... M10: =SUM(M5:M7) -> 57961.73 | O10: =SUM(O5:O9) -> 496770.38 | P10: =O10/$O$10 -> 1
A12: Direct Costs (Cost of Sales)
A13: Sales Commissions | B13: =+B10*0.5*0.05 -> 812.5 | C13: =+C10*0.5*0.05 -> 814.68575 | D13: =+D10*0.5*0.05 -> 816.8715 | E13: =+E10*0.5*0.05 -> 819.05725 | F13: =+F10*0.5*0.05 -> 821.243 | G13: =+G10*0.5*0.05 -> 910.92875 | H13: =+H10*0.5*0.05 -> 1000.6145 | I13: =+I10*0.5*0.05 -> 1090.3003 | ... M13: =+M10*0.5*0.05 -> 1449.0433 | O13: =SUM(B13:M13) -> 12344.26 | P13: =O13/$O$10 -> 0.024849025
A14: Direct Cost 1 | B14: 200 | C14: 200 | D14: 200 | E14: 200 | F14: 200 | G14: 200 | H14: 200 | I14: 200 | J14: 200 | K14: 200 | L14: 200 | M14: 200 | O14: =SUM(B14:M14) -> 2400 | P14: =O14/$O$10 -> 0.0048312059
A15: Direct Cost 2 | B15: =+B6*0.25 -> 7875 | C15: =+C6*0.25 -> 7875 | D15: =+D6*0.25 -> 7875 | E15: =+E6*0.25 -> 7875 | F15: =+F6*0.25 -> 7875 | G15: =+G6*0.25 -> 8750 | H15: =+H6*0.25 -> 9625 | I15: =+I6*0.25 -> 10500 | ... M15: =+M6*0.25 -> 14000 | O15: =SUM(B15:M15) -> 119000 | P15: =O15/$O$10 -> 0.23954729
A16: Direct Cost 3 | B16: =B6*0.15 -> 4725 | C16: =C6*0.15 -> 4725 | D16: =D6*0.15 -> 4725 | E16: =E6*0.15 -> 4725 | F16: =F6*0.15 -> 4725 | G16: =G6*0.15 -> 5250 | H16: =H6*0.15 -> 5775 | I16: =I6*0.15 -> 6300 | ... M16: =M6*0.15 -> 8400 | O16: =SUM(B16:M16) -> 71400 | P16: =O16/$O$10 -> 0.14372838
A17: Direct Cost 4 | B17: 450 | C17: 450 | D17: 450 | E17: 450 | F17: 450 | G17: 450 | H17: 450 | I17: 450 | J17: 450 | K17: 450 | L17: 450 | M17: 450 | O17: =SUM(B17:M17) -> 5400 | P17: =O17/$O$10 -> 0.010870213
A18: Direct Cost 5 | B18: =(+B101*0.8)*800 -> 0 | C18: =(+C101*0.8)*800 -> 0 | D18: =(+D101*0.8)*800 -> 0 | E18: =(+E101*0.8)*800 -> 0 | F18: =(+F101*0.8)*800 -> 0 | G18: =(+G101*0.8)*800 -> 0 | H18: =(+H101*0.8)*800 -> 0 | I18: =(+I101*0.8)*1000 -> 0 | J18: =(+J101*0.8)*1000 -> 0 | K18: =(+K101*0.8)*1000 -> 0 | L18: =(+L101*0.8)*1000 -> 0 | M18: =(+M101*0.8)*1000 -> 0 | O18: =SUM(B18:M18) -> 0 | P18: =O18/$O$10 -> 0
A19: Total Direct Costs | B19: =SUM(B13:B18) -> 14062.5 | C19: =SUM(C13:C18) -> 14064.686 | D19: =SUM(D13:D18) -> 14066.871 | E19: =SUM(E13:E18) -> 14069.057 | F19: =SUM(F13:F18) -> 14071.243 | G19: =SUM(G13:G18) -> 15560.929 | H19: =SUM(H13:H18) -> 17050.614 | I19: =SUM(I13:I18) -> 18540.3 | ... M19: =SUM(M13:M18) -> 24499.043 | O19: =SUM(O13:O18) -> 210544.26 | P19: =O19/$O$10 -> 0.42382611
A20: Gross Profit | B20: =(B10-B19) -> 18437.5 | C20: =(C10-C19) -> 18522.744 | D20: =(D10-D19) -> 18607.988 | E20: =(E10-E19) -> 18693.233 | F20: =(F10-F19) -> 18778.477 | G20: =(G10-G19) -> 20876.221 | H20: =(H10-H19) -> 22973.966 | I20: =(I10-I19) -> 25071.71 | ... M20: =(M10-M19) -> 33462.687 | O20: =(O10-O19) -> 286226.12 | P20: =O20/$O$10 -> 0.57617389
A21: Monthly Gross Profit % | B21: =B20/B10 -> 0.56730769 | C21: =C20/C10 -> 0.5684015 | D21: =D20/D10 -> 0.56948946 | E21: =E20/E10 -> 0.57057162 | F21: =F20/F10 -> 0.57164801 | G21: =G20/G10 -> 0.57293782 | H21: =H20/H10 -> 0.57399642 | I21: =I20/I10 -> 0.57488086 | ... M21: =M20/M10 -> 0.57732381
A23: Expenses
A24: Payroll -Offcie Manager | B24: =+Personnel!$D$13/12 -> 3000 | C24: =+Personnel!$D$13/12 -> 3000 | D24: =+Personnel!$D$13/12 -> 3000 | E24: =+Personnel!$D$13/12 -> 3000 | F24: =+Personnel!$D$13/12 -> 3000 | G24: =+Personnel!$D$13/12 -> 3000 | H24: =+Personnel!$D$13/12 -> 3000 | I24: =+Personnel!$D$13/12 -> 3000 | ... M24: =+Personnel!$D$13/12 -> 3000 | O24: =SUM(B24:M24) -> 36000 | P24: =O24/$O$10 -> 0.072468089
A25: Payroll - Office Assistant | B25: =+Personnel!$D$14/12 -> 0 | C25: =+Personnel!$D$14/12 -> 0 | D25: =+Personnel!$D$14/12 -> 0 | E25: =+Personnel!$D$14/12 -> 0 | F25: =+Personnel!$D$14/12 -> 0 | G25: =+Personnel!$D$14/12 -> 0 | H25: =+Personnel!$D$14/12 -> 0 | I25: =+Personnel!$D$14/12 -> 0 | ... M25: =+Personnel!$D$14/12 -> 0 | O25: =SUM(B25:M25) -> 0 | P25: =O25/$O$10 -> 0
A26: Payroll - Sales | B26: =+Personnel!$D$15/12 -> 0 | C26: =+Personnel!$D$15/12 -> 0 | D26: =+Personnel!$D$15/12 -> 0 | E26: =+Personnel!$D$15/12 -> 0 | F26: =+Personnel!$D$15/12 -> 0 | G26: =+Personnel!$D$15/12 -> 0 | H26: =+Personnel!$D$15/12 -> 0 | I26: =+Personnel!$D$15/12 -> 0 | ... M26: =+Personnel!$D$15/12 -> 0 | O26: =SUM(B26:M26) -> 0 | P26: =O26/$O$10 -> 0
A27: Payroll - Owner | B27: =+Personnel!$D$7/12 -> 8333.3333 | C27: =+Personnel!$D$7/12 -> 8333.3333 | D27: =+Personnel!$D$7/12 -> 8333.3333 | E27: =+Personnel!$D$7/12 -> 8333.3333 | F27: =+Personnel!$D$7/12 -> 8333.3333 | G27: =+Personnel!$D$7/12 -> 8333.3333 | H27: =+Personnel!$D$7/12 -> 8333.3333 | I27: =+Personnel!$D$7/12 -> 8333.3333 | ... M27: =+Personnel!$D$7/12 -> 8333.3333 | O27: =SUM(B27:M27) -> 100000 | P27: =O27/$O$10 -> 0.20130025
A28: Bonus | O28: =SUM(B28:M28) -> 0 | P28: =O28/$O$10 -> 0
A29: Group Health Ins - Admin | B29: 688 | C29: 688 | D29: 688 | E29: 688 | F29: 688 | G29: 688 | H29: 688 | I29: 688 | J29: 688 | K29: 688 | L29: 688 | M29: 688 | O29: =SUM(B29:M29) -> 8256 | P29: =O29/$O$10 -> 0.016619348
A30: Retirement Plan - Admin | O30: =SUM(B30:M30) -> 0 | P30: =O30/$O$10 -> 0
A31: Life Insurance | O31: =SUM(B31:M31) -> 0 | P31: =O31/$O$10 -> 0
A32: Workers Comp -Admin | B32: =SUM(B24:B25)*0.015 -> 45 | C32: =SUM(C24:C25)*0.015 -> 45 | D32: =SUM(D24:D25)*0.015 -> 45 | E32: =SUM(E24:E25)*0.015 -> 45 | F32: =SUM(F24:F25)*0.015 -> 45 | G32: =SUM(G24:G25)*0.015 -> 45 | H32: =SUM(H24:H25)*0.015 -> 45 | I32: =SUM(I24:I25)*0.015 -> 45 | ... M32: =SUM(M24:M25)*0.015 -> 45 | O32: =SUM(B32:M32) -> 540 | P32: =O32/$O$10 -> 0.0010870213
A33: Payroll Taxes - Admin | B33: =SUM(B24:B27)*0.11 -> 1246.6667 | C33: =SUM(C24:C27)*0.11 -> 1246.6667 | D33: =SUM(D24:D27)*0.11 -> 1246.6667 | E33: =SUM(E24:E27)*0.11 -> 1246.6667 | F33: =SUM(F24:F27)*0.11 -> 1246.6667 | G33: =SUM(G24:G27)*0.11 -> 1246.6667 | H33: =SUM(H24:H27)*0.11 -> 1246.6667 | I33: =SUM(I24:I27)*0.11 -> 1246.6667 | ... M33: =SUM(M24:M27)*0.11 -> 1246.6667 | O33: =SUM(B33:M33) -> 14960 | P33: =O33/$O$10 -> 0.030114517
A34: Accounting | B34: 600 | C34: 600 | D34: 600 | E34: 600 | F34: 600 | G34: 600 | H34: 600 | I34: 600 | J34: 600 | K34: 600 | L34: 600 | M34: 600 | O34: =SUM(B34:M34) -> 7200 | P34: =O34/$O$10 -> 0.014493618
A35: Advertising/Marketing | B35: =+B10*0.03 -> 975 | C35: =+C10*0.03 -> 977.6229 | D35: =+D10*0.03 -> 980.2458 | E35: =+E10*0.03 -> 982.8687 | F35: =+F10*0.03 -> 985.4916 | G35: =+G10*0.03 -> 1093.1145 | H35: =+H10*0.03 -> 1200.7374 | I35: =+I10*0.03 -> 1308.3603 | ... M35: =+M10*0.03 -> 1738.8519 | O35: =SUM(B35:M35) -> 14813.111 | P35: =O35/$O$10 -> 0.02981883
A36: Auto Expense | O36: =SUM(B36:M36) -> 0 | P36: =O36/$O$10 -> 0
A37: Bank Charges | B37: 50 | C37: 50 | D37: 50 | E37: 50 | F37: 50 | G37: 50 | H37: 50 | I37: 50 | J37: 50 | K37: 50 | L37: 50 | M37: 50 | O37: =SUM(B37:M37) -> 600 | P37: =O37/$O$10 -> 0.0012078015
A38: Consulting | B38: 225 | C38: 225 | D38: 225 | E38: 225 | F38: 225 | G38: 225 | H38: 225 | I38: 225 | J38: 225 | K38: 225 | L38: 225 | M38: 225 | O38: =SUM(B38:M38) -> 2700 | P38: =O38/$O$10 -> 0.0054351067
A39: Continuing Education | B39: 100 | C39: 100 | D39: 100 | E39: 100 | F39: 100 | G39: 100 | H39: 100 | I39: 100 | J39: 100 | K39: 100 | L39: 100 | M39: 100 | O39: =SUM(B39:M39) -> 1200 | P39: =O39/$O$10 -> 0.002415603
A40: Computer Expense | O40: =SUM(B40:M40) -> 0 | P40: =O40/$O$10 -> 0
A41: Depreciation | B41: 25.07 | C41: 25.07 | D41: 25.07 | E41: 25.07 | F41: 25.07 | G41: 25.07 | H41: 25.07 | I41: 25.07 | J41: 25.07 | K41: 25.07 | L41: 25.07 | M41: 25.07 | O41: =SUM(B41:M41) -> 300.84 | P41: =O41/$O$10 -> 0.00060559166
A42: Dues & Subscriptions | B42: =B$10*0.002 -> 65 | C42: =C$10*0.002 -> 65.17486 | D42: =D$10*0.002 -> 65.34972 | E42: =E$10*0.002 -> 65.52458 | F42: =F$10*0.002 -> 65.69944 | G42: =G$10*0.002 -> 72.8743 | H42: =H$10*0.002 -> 80.04916 | I42: =I$10*0.002 -> 87.22402 | ... M42: =M$10*0.002 -> 115.92346 | O42: =SUM(B42:M42) -> 987.54076 | P42: =O42/$O$10 -> 0.001987922
A43: Gifts | O43: =SUM(B43:M43) -> 0 | P43: =O43/$O$10 -> 0
A44: Insurance - Business | B44: 200 | C44: 200 | D44: 200 | E44: 200 | F44: 200 | G44: 200 | H44: 200 | I44: 200 | J44: 200 | K44: 200 | L44: 200 | M44: 200 | O44: =SUM(B44:M44) -> 2400 | P44: =O44/$O$10 -> 0.0048312059
A45: Legal | B45: 50 | C45: 50 | D45: 50 | E45: 50 | F45: 50 | G45: 50 | H45: 50 | I45: 50 | J45: 50 | K45: 50 | L45: 50 | M45: 50 | O45: =SUM(B45:M45) -> 600 | P45: =O45/$O$10 -> 0.0012078015
A46: Licenses & Permits | B46: 500 | O46: =SUM(B46:M46) -> 500 | P46: =O46/$O$10 -> 0.0010065012
A47: Meals & Entertainment | O47: =SUM(B47:M47) -> 0 | P47: =O47/$O$10 -> 0
A48: Merchant Service Fees | B48: =(B$10*0.75)*0.0325 -> 792.1875 | C48: =(C$10*0.75)*0.0325 -> 794.31861 | D48: =(D$10*0.75)*0.0325 -> 796.44971 | E48: =(E$10*0.75)*0.0325 -> 798.58082 | F48: =(F$10*0.75)*0.0325 -> 800.71193 | G48: =(G$10*0.75)*0.0325 -> 888.15553 | H48: =(H$10*0.75)*0.0325 -> 975.59914 | I48: =(I$10*0.75)*0.0325 -> 1063.0427 | ... M48: =(M$10*0.75)*0.0325 -> 1412.8172 | O48: =SUM(B48:M48) -> 12035.653 | P48: =O48/$O$10 -> 0.024227799
A49: Miscellaneous Expense | O49: =SUM(B49:M49) -> 0 | P49: =O49/$O$10 -> 0
A50: Office Expense | B50: 350 | C50: 350 | D50: 350 | E50: 350 | F50: 350 | G50: 350 | H50: 350 | I50: 350 | J50: 350 | K50: 350 | L50: 350 | M50: 350 | O50: =SUM(B50:M50) -> 4200 | P50: =O50/$O$10 -> 0.0084546104
A51: Office Supplies | B51: 50 | C51: 50 | D51: 50 | E51: 50 | F51: 50 | G51: 50 | H51: 50 | I51: 50 | J51: 50 | K51: 50 | L51: 50 | M51: 50 | O51: =SUM(B51:M51) -> 600 | P51: =O51/$O$10 -> 0.0012078015
A52: Payroll Service | B52: 120 | C52: 120 | D52: 120 | E52: 120 | F52: 120 | G52: 120 | H52: 120 | I52: 120 | J52: 120 | K52: 120 | L52: 120 | M52: 120 | O52: =SUM(B52:M52) -> 1440 | P52: =O52/$O$10 -> 0.0028987236
A53: Postage & Delivery | B53: 25 | C53: 25 | D53: 25 | E53: 25 | F53: 25 | G53: 25 | H53: 25 | I53: 25 | J53: 25 | K53: 25 | L53: 25 | M53: 25 | O53: =SUM(B53:M53) -> 300 | P53: =O53/$O$10 -> 0.00060390074
A54: Professional Development | B54: =290+125 -> 415 | C54: =290+125 -> 415 | D54: =290+125 -> 415 | E54: =290+125 -> 415 | F54: =290+125 -> 415 | G54: =290+125 -> 415 | H54: =290+125 -> 415 | I54: =290+125 -> 415 | ... M54: =290+125 -> 415 | O54: =SUM(B54:M54) -> 4980 | P54: =O54/$O$10 -> 0.010024752
A55: Professional Fees | O55: =SUM(B55:M55) -> 0 | P55: =O55/$O$10 -> 0
A56: Rent | B56: 425 | C56: 425 | D56: 425 | E56: 425 | F56: 425 | G56: 425 | H56: 425 | I56: 425 | J56: 425 | K56: 425 | L56: 425 | M56: 425 | O56: =SUM(B56:M56) -> 5100 | P56: =O56/$O$10 -> 0.010266313
A57: Software | B57: 750 | C57: 750 | D57: 750 | E57: 750 | F57: 750 | G57: 750 | H57: 750 | I57: 750 | J57: 750 | K57: 750 | L57: 750 | M57: 750 | O57: =SUM(B57:M57) -> 9000 | P57: =O57/$O$10 -> 0.018117022
A58: Telephone | B58: 210 | C58: 210 | D58: 210 | E58: 210 | F58: 210 | G58: 210 | H58: 210 | I58: 210 | J58: 210 | K58: 210 | L58: 210 | M58: 210 | O58: =SUM(B58:M58) -> 2520 | P58: =O58/$O$10 -> 0.0050727662
A59: Travel | O59: =SUM(B59:M59) -> 0 | P59: =O59/$O$10 -> 0
A60: Utilities | B60: =B$10*$Q61 -> 0 | C60: =C$10*$Q61 -> 0 | D60: =D$10*$Q61 -> 0 | E60: =E$10*$Q61 -> 0 | F60: =F$10*$Q61 -> 0 | G60: =G$10*$Q61 -> 0 | H60: =H$10*$Q61 -> 0 | I60: =I$10*$Q61 -> 0 | ... M60: =M$10*$Q61 -> 0 | O60: =SUM(B60:M60) -> 0 | P60: =O60/$O$10 -> 0
A61: Total General & Administrative | B61: =SUM(B24:B60) -> 19240.257 | C61: =SUM(C24:C60) -> 18745.186 | D61: =SUM(D24:D60) -> 18750.115 | E61: =SUM(E24:E60) -> 18755.044 | F61: =SUM(F24:F60) -> 18759.973 | G61: =SUM(G24:G60) -> 18962.214 | H61: =SUM(H24:H60) -> 19164.456 | I61: =SUM(I24:I60) -> 19366.697 | ... M61: =SUM(M24:M60) -> 20175.663 | O61: =SUM(O24:O60) -> 231233.15 | P61: =O61/$O$10 -> 0.46547289
A63: Net Operating Profit | B63: =B20-B61 -> -802.7575 | C63: =C20-C61 -> -222.44212 | D63: =D20-D61 -> -142.12673 | E63: =E20-E61 -> -61.811349 | F63: =F20-F61 -> 18.504035 | G63: =G20-G61 -> 1914.0069 | H63: =H20-H61 -> 3809.5098 | I63: =I20-I61 -> 5705.0127 | ... M63: =M20-M61 -> 13287.024 | O63: =O20-O61 -> 54992.975 | P63: =O63/$O$10 -> 0.11070099
A64: Monthly Net Operating Profit % | B64: =B63/B10 -> -0.024700231 | C64: =C63/C10 -> -0.0068260098 | D64: =D63/D10 -> -0.0043497274 | E64: =E63/E10 -> -0.0018866614 | F64: =F63/F10 -> 0.00056329354 | G64: =G63/G10 -> 0.052528996 | H64: =H63/H10 -> 0.095179257 | I64: =I63/I10 -> 0.13081288 | ... M64: =M63/M10 -> 0.22923788
A66: Other Income (Expense)
A67: Owner Bonus/Draw/Dividend | O67: =SUM(B67:M67) -> 0 | P67: =O67/$O$10 -> 0
A68: Interest Expense | O68: =SUM(B68:M68) -> 0 | P68: =O68/$O$10 -> 0
A69: Interest Income | O69: =SUM(B69:M69) -> 0 | P69: =O69/$O$10 -> 0
A70: Other Income | O70: =SUM(B70:M70) -> 0 | P70: =O70/$O$10 -> 0
A71: Other Expense | O71: =SUM(B71:M71) -> 0 | P71: =O71/$O$10 -> 0
A72: Provision for Taxes | O72: =SUM(B72:M72) -> 0 | P72: =O72/$O$10 -> 0
A73: Net Profit after Taxes | B73: =B63+SUM(B67:B72) -> -802.7575 | C73: =C63+SUM(C67:C72) -> -222.44212 | D73: =D63+SUM(D67:D72) -> -142.12673 | E73: =E63+SUM(E67:E72) -> -61.811349 | F73: =F63+SUM(F67:F72) -> 18.504035 | G73: =G63+SUM(G67:G72) -> 1914.0069 | H73: =H63+SUM(H67:H72) -> 3809.5098 | I73: =I63+SUM(I67:I72) -> 5705.0127 | ... M73: =M63+SUM(M67:M72) -> 13287.024 | O73: =O63+SUM(O67:O72) -> 54992.975 | P73: =O73/$O$10 -> 0.11070099

Sheet Personnel
B2: Personnel List | D2: 2013 | F2: Direct % | H2: Directions
H3: Mouse over each cell with a red flag for instructions. ONLY make entries in Yellow Cells. The rest are calculations. Save one version of this worksheet as a master in case you make mistakes. All numbers entered here carry to either assumptions page or budget template
A6: Management | D6: Wage/Salary
B7: Owner (salary) | D7: 100000 | F7: 0
B8: Owner 2 (salary) | D8: 0 | F8: 0
A9: Overhead Salaries
B13: Office Manager (salary) | D13: 36000 | F13: 0
B14: Office Assistant (salary) | D14: 0 | F14: 0
B15: Other Personnel | D15: 0 | F15: 0
B16: Other Personnel | D16: 0 | F16: 0

Sheet Assumptions
A1: Assumptions | C1: Jan | D1: Feb | E1: Mar | F1: Apr | G1: May | H1: Jun | I1: Jul | J1: Aug | K1: Sep | L1: Oct | M1: Nov | N1: Dec | O1: Total
A2: Budget Assumptions - Revenue
A3: Service Type 1
A4: Number | C4: 0 | D4: =+C4+7 -> 7 | E4: =+D4+7 -> 14 | F4: =+E4+7 -> 21 | G4: =+F4+7 -> 28 | H4: =+G4+7 -> 35 | I4: =+H4+7 -> 42 | J4: =+I4+7 -> 49 | K4: =+J4+7 -> 56 | ... N4: =+M4+7 -> 77
A5: Price | C5: 12.49 | D5: 12.49 | E5: 12.49 | F5: 12.49 | G5: 12.49 | H5: 12.49 | I5: 12.49 | J5: 12.49 | K5: 12.49 | L5: 12.49 | M5: 12.49 | N5: 12.49
A7: Service Type 2
A8: Number | C8: 9 | D8: 9 | E8: 9 | F8: 9 | G8: 9 | H8: =+G8+1 -> 10 | I8: =+H8+1 -> 11 | J8: =+I8+1 -> 12 | K8: =+J8+1 -> 13 | L8: =+K8+1 -> 14 | M8: =+L8+1 -> 15 | N8: =+M8+1 -> 16
A9: Price | C9: 3500 | D9: 3500 | E9: 3500 | F9: 3500 | G9: 3500 | H9: 3500 | I9: 3500 | J9: 3500 | K9: 3500 | L9: 3500 | M9: 3500 | N9: 3500
A11: Service Type 3
A12: Number | C12: 10 | D12: 10 | E12: 10 | F12: 10 | G12: 10 | H12: 10 | I12: 10 | J12: 10 | K12: 10 | L12: 10 | M12: 10 | N12: 10
A13: Price | C13: 100 | D13: 100 | E13: 100 | F13: 100 | G13: 100 | H13: 100 | I13: 100 | J13: 100 | K13: 100 | L13: 100 | M13: 100 | N13: 100
A15: Service Type 4
A16: Number | C16: 5 | D16: 5 | E16: 5 | F16: 5 | G16: 5 | H16: 5 | I16: 5 | J16: 5 | K16: 5 | L16: 5 | M16: 5 | N16: 5
A17: Price | C17: 50 | D17: 50 | E17: 50 | F17: 50 | G17: 50 | H17: 50 | I17: 50 | J17: 50 | K17: 50 | L17: 50 | M17: 50 | N17: 50
A19: Service Type 5
A20: Number | C20: 0 | D20: 0 | E20: 0 | F20: 0 | G20: 0 | H20: 0 | I20: 0 | J20: 0 | K20: 0 | L20: 0 | M20: 0 | N20: 0
A21: Price | C21: 0 | D21: 0 | E21: 0 | F21: 0 | G21: 0 | H21: 0 | I21: 0 | J21: 0 | K21: 0 | L21: 0 | M21: 0 | N21: 0
